 Dungeon Crawl Stone Soup version 0.26-b1-59-ge38874ec40 (webtiles) character file.

Game seed: 219071649973650018

135508 scsoc the Peltast (level 16, 0/123 HPs)
             Began as a Minotaur Fighter on Jan 7, 2021.
             Was the Champion of Makhleb.
             Killed from afar by a starcursed mass (13 damage)
             ... with an accursed screaming
             ... while paralysed by accursed screaming
             ... on level 2 of the Abyss on Jan 8, 2021.
             The game lasted 01:42:05 (21271 turns).

scsoc the Peltast (Minotaur Fighter)               Turns: 21271, Time: 01:42:06

Health: 0/123      AC: 34    Str: 26 (27) XL:     16   Next: 64%
Magic:  14/14      EV:  2    Int:  2 (3)  God:    Makhleb [******]
Gold:   1795       SH:  0    Dex:  7      Spells: 15/15 levels left

rFire    . . .     SeeInvis .   m - +3 flail (protect)
rCold    . . .     Faith    .   c - +1 kite shield
rNeg     + . .     Spirit   .   h - +0 crystal plate armour
rPois    .         Reflect  .   k - +2 hood of the Assassin {Detection Stab+ Stlth++}
rElec    .         Harm     .   b - +2 cloak
rCorr    .         Rampage  .   g - +2 pair of gloves
Will     ++...     Rnd*Rage +   v - +0 pair of boots (curse)
Stlth    ..........             p - amulet of regeneration
HPRegen  0.70/turn              s - ring of willpower
MPRegen  0.14/turn              j - ring of Noon {+Fly rN+ Str+4}

@: paralysed, protection aura, berserk cooldown
A: retaliatory headbutt, hooves 1, horns 2, berserk 2[+1], blurry vision 1,
[clumsy 2], deformed body, dopey 1, [frail 2], low mp 1, screaming 1, weak 2,
wild magic 1
a: Renounce Religion, Evoke Flight, Minor Destruction, Lesser Servant of
Makhleb, Major Destruction, Greater Servant of Makhleb


You were on level 2 of the Abyss.
You worshipped Makhleb.
Makhleb was exalted by your worship.
You visited 3 branches of the dungeon, and saw 20 of its levels.
You visited the Abyss 1 time.
You also visited: Bailey.

You collected 2522 gold pieces.
You spent 727 gold pieces at shops.

Inventory:

Hand Weapons
 m - a +3 flail of protection (weapon)
 H - a +5 flail of holy wrath
Armour
 b - a +2 cloak (worn)
 c - a +1 kite shield (worn)
 g - a +2 pair of gloves (worn)
 h - a +0 crystal plate armour (worn)
 k - the +2 hood of the Assassin (worn) {Detection Stab+ Stlth++}
   (You found it on level 8 of the Dungeon)

   It makes you much more stealthy.
 v - a cursed +0 pair of boots (worn)
Jewellery
 j - the ring of Noon (right hand) {+Fly rN+ Str+4}
   (You found it in a bailey)

   [ring of flight]

   It affects your strength (+4).
   It protects you from negative energy.
   It lets you fly.
 l - a +4 ring of protection
 p - an amulet of regeneration (around neck)
 s - a ring of willpower (left hand)
 G - an uncursed amulet of faith
Wands
 n - a wand of paralysis (11)
 q - a wand of disintegration (11)
 r - a wand of acid (7)
 t - a wand of polymorph (8)
 x - a wand of flame (30)
 E - a wand of random effects (23)
 K - a wand of iceblast (8)
Scrolls
 a - 7 scrolls of remove curse
 d - 10 scrolls of identify
 e - a scroll of blinking
 f - 6 scrolls of teleportation
 u - a scroll of fog
 w - 2 scrolls of brand weapon
 y - 3 scrolls of magic mapping
 A - a scroll of fear
Potions
 i - 7 potions of curing
 o - 2 potions of flight
 z - a potion of invisibility
 B - 4 potions of ambrosia
 C - a potion of might
 D - a potion of brilliance
 F - 2 potions of haste


   Skills:
 + Level 16.8 Fighting
 - Level 16.5 Maces & Flails
 + Level 15.3 Armour
 + Level 1.5 Dodging
 + Level 0.4 Stealth
 + Level 20.6 Shields
 + Level 1.0 Invocations
 + Level 0.3 Evocations


You had 15 spell levels left.
You didn't know any spells.
Your spell library contained the following spells:

 Spells                   Type           Power        Failure   Level
 Sublimation of Blood     Necr           0%           100%        2
 Borgnjor's Vile Clutch   Necr/Erth      0%           100%        5


Dungeon Overview and Level Annotations

Branches:
Dungeon (15/15)            Temple (0/1) D:7            Lair (0/6) D:11
    Orc (2/2) D:10            Elf (3/3) Orc:2        Vaults (0/5) D:14
 Depths (0/5) D:15         Bailey (visited)

Altars:
Ashenzari
Dithmenos
Elyvilon
Gozag
Kikubaaqudgha
Makhleb
Nemelex Xobeh
Okawaru
Qazlal
Ru
Sif Muna
Uskayaw
Xom
Yredelemnul
Zin
Beogh

Shops:
D:6 !   D:15 (}[   Orc:2 =?=[   Elf:2 }=}!

Portals:
Trove: D:11 (give +4 fire dragon scales)


Innate Abilities, Weirdness & Mutations

You reflexively headbutt those who attack you in melee.
You have a pair of horns on your head.
You have large cloven feet.
Scrolls take you a little longer to read.
Armour fits poorly on your strangely shaped body.
You are dopey. (Int -2)
Your magical capacity is low. (-10% MP)
You occasionally shout uncontrollably at your foes.
You are very weak. (Str -4)
Your spells are a little harder to cast, but a little more powerful.
[You have an uncontrollable temper.]
[You are very clumsy. (Dex -4)]
[You are very frail. (-20% HP)]


Message History

You block the blink frog's attack.
The blink frog blinks!
A deafening chorus of shrieks assaults your mind!
You block the large abomination's attack.
You block the starcursed mass's attack.
You hit the large abomination but do no damage.
Your headbutt misses the large abomination.
The large abomination is moderately damaged.
You feel yourself speed up. The starcursed mass engulfs you.
The blink frog blinks!
Your crystal plate armour prevents you from hitting the large abomination.
You headbutt the large abomination.
The large abomination is moderately damaged.
A deafening chorus of shrieks assaults your mind!
* * * LOW HITPOINT WARNING * * *
You suddenly lose the ability to move!
The large abomination hits you!!
* * * LOW HITPOINT WARNING * * *
The starcursed mass engulfs you but does no damage.
The starcursed mass engulfs you but does no damage. x2
A deafening chorus of shrieks assaults your mind!
You die...

## # #. . . ##.
. .# . #. #..##
. . # ..
....### . ....
# # .# # # . .
#..#F ##... #.
#.XX# .... . #
..
#..##X#..#.#.
.. #.
#X@Xx....###
#.###.[#XF##...
# #.# ##.ยง..
## .#.F.. #
#... #


You could see 5 starcursed masses, a large abomination, 3 blink frogs and a
small abomination.

Vanquished Creatures
  A deep elf blademaster (Elf:2)
  A tentacled starspawn (Abyss:2)
  A deep elf sorcerer (Elf:3)
  3 deep elf elementalists
  A very ugly thing (Abyss:2)
  5 deep elf annihilators
  A deep elf demonologist (Abyss:2)
  Azrael (Elf:2)
  Josephine (D:14)
  A green death (Abyss:2)
  An eidolon (Abyss:2)
  4 deep elf death magi
  An ettin (D:14)
  2 deep elf high priests (Elf:3)
  A quicksilver dragon skeleton (Abyss:2)
  2 boulder beetles
  2 centaur warriors
  3 hydras
  A rakshasa (Abyss:2)
  8 two-headed ogres
  19 dancing weapons
  2 ogre magi
  A tengu warrior (D:13)
  3 orc high priests (Orc:2)
  A storm dragon zombie (Abyss:2)
  A thrashing horror (Abyss:2)
  A soul eater (Abyss:2)
  3 wretched stars (Abyss:2)
  16 deep elf knights
  2 spatial maelstroms (Abyss:2)
  8 skeletal warriors
  2 unseen horrors
  4 deep elf archers (Elf:1)
  2 glowing orange brains (Abyss:2)
  Pikel (D:7)
  4 necromancers
  9 orc knights
  A frost giant zombie (Abyss:2)
  10 ugly things
  5 orc sorcerers
  31 deep elf magi
  A will-o-the-wisp (Abyss:2)
  2 worldbinders (Abyss:2)
  7 cyclopes
  2 apocalypse crabs (Abyss:2)
  A toenail golem (Abyss:2)
  2 smoke demons (Abyss:2)
  3 orange demons (Abyss:2)
  2 centaur skeletons
  Maggie (D:6)
  4 kobold demonologists
  3 ancient zymes (Abyss:2)
  A troll (shapeshifter) (D:14)
  2 tengu conjurers (D:15)
  6 trolls
  Prince Ribbit (D:8)
  A hornet (D:10)
  A fire dragon zombie (Abyss:2)
  9 raiju (Abyss:2)
  2 air elementals
  A centaur simulacrum (D:14)
  A dire elephant simulacrum (Abyss:2)
  A water elemental (Elf:2)
  A shadow (D:11)
  3 wraiths (D:14)
  A wyvern (D:14)
  8 yaks
  13 large abominations
  3 ynoxinuls (Abyss:2)
  3 fire elementals
  2 vampire mosquitoes (D:13)
  A steam dragon (D:12)
  3 neqoxecs (Abyss:2)
  3 chaos spawn (Abyss:2)
  4 wargs (Orc:2)
  Edmund (D:5)
  Duvessa (D:7)
  5 hell hounds (Elf:2)
  2 water moccasins
  37 orc warriors
  5 ice beasts
  3 sky beasts
  A phantom (D:8)
  5 black bears
  2 eyes of draining
  A hornet zombie (D:13)
  5 ogres
  19 centaurs
  2 big kobolds (D:12)
  2 elf zombies (Elf:1)
  6 small abominations (Abyss:2)
  Blork the orc (D:6)
  14 bullfrogs
  2 gnoll sergeants (D:6)
  4 wyvern zombies
  4 scorpions
  14 killer bees
  Dowan (D:7)
  14 wights
  A howler monkey (D:10)
  6 bullfrog zombies
  3 centaur zombies
  4 quasits (Abyss:2)
  31 starcursed masses (Abyss:2)
  10 hounds
  3 jellies
  22 orc priests
  6 bullfrog skeletons
  2 gnoll shamans (D:6)
  5 iguanas
  27 orc wizards
  9 worker ants
  A killer bee zombie (D:9)
  2 hound skeletons
  4 mummies (D:13)
  20 gnolls
  10 adders
  3 shadow imps
  3 white imps
  4 ufetubi
  An adder zombie (D:6)
  A worm (D:2)
  7 leopard geckos
  103 orcs
  10 bats
  4 giant cockroaches
  13 goblins
  12 hobgoblins
  8 jackals (D:6)
  3 quokkas
  6 frilled lizards
  A jackal skeleton (D:5)
  18 kobolds
  A leopard gecko zombie (D:6)
  A quokka skeleton (D:4)
  5 rats
  4 starspawn tentacles (Abyss:2)
791 creatures vanquished.

Vanquished Creatures (others)
  A fire giant (D:15)
  A deep elf knight (Elf:2)
  A large abomination (Abyss:2)
  A deep elf mage (Elf:1)
  A tengu conjurer (D:13)
  A fire elemental (Elf:2)
  4 foxfires (Abyss:2)
  12 fungi (D:11)
  14 plants
  2 starspawn tentacles (Abyss:2)
  3 withered plants (D:13)
41 creatures vanquished.

Grand Total: 832 creatures vanquished

Notes
Turn   | Place    | Note
-------+----------+-------------------------------------------
     0 | D:1      | scsoc the Minotaur Fighter began the quest for the Orb.
     0 | D:1      | Reached XP level 1. HP: 19/19 MP: 0/0
     6 | D:1      | Noticed a polar bear
     6 | D:1      | Noticed a snapping turtle
     6 | D:1      | Noticed a lindwurm
     7 | D:1      | Noticed a worker ant
     7 | D:1      | Noticed a salamander
    77 | D:1      | Reached XP level 2. HP: 27/27 MP: 1/1
   157 | D:1      | Reached skill level 4 in Shields
   256 | D:1      | Reached XP level 3. HP: 33/34 MP: 2/2
   794 | D:2      | Found a faded altar of an unknown god.
   799 | D:2      | Became a worshipper of Makhleb the Destroyer
   799 | D:2      | Reached * piety under Makhleb
   947 | D:2      | Found a hide-covered altar of Uskayaw.
   992 | D:2      | Found a glowing silver altar of Zin.
  1144 | D:2      | Found a shimmering altar of Xom.
  1291 | D:3      | Reached XP level 4. HP: 41/41 MP: 3/3
  2336 | D:4      | Found a sparkling altar of Nemelex Xobeh.
  2352 | D:4      | Reached skill level 5 in Shields
  2352 | D:4      | Reached XP level 5. HP: 45/47 MP: 4/4
  2605 | D:4      | Gained mutation: You have large cloven feet. [potion of
                  | mutation]
  2605 | D:4      | Gained mutation: You occasionally shout uncontrollably at
                  | your foes. [potion of mutation]
  2605 | D:4      | Gained mutation: Your spells are a little harder to cast,
                  | but a little more powerful. [potion of mutation]
  2608 | D:5      | Entered Level 5 of the Dungeon
  2664 | D:5      | Reached ** piety under Makhleb
  2921 | D:5      | Found a shadowy altar of Dithmenos.
  2950 | D:5      | Found a white marble altar of Elyvilon.
  2974 | D:5      | Found an iron altar of Okawaru.
  3082 | D:5      | You fall into a shaft and drop 2 floors!
  3097 | D:6      | Found Piat's Distillery.
  3104 | D:6      | Reached skill level 5 in Maces & Flails
  3104 | D:6      | Reached XP level 6. HP: 36/53 MP: 5/5
  3139 | D:6      | Reached skill level 5 in Armour
  3275 | D:6      | Bought a potion of curing for 36 gold pieces
  3275 | D:6      | Bought a potion of curing for 36 gold pieces
  3275 | D:6      | Bought a potion of curing for 36 gold pieces
  3286 | D:6      | Noticed Blork the orc
  3314 | D:6      | Killed Blork the orc
  3350 | D:6      | Reached skill level 5 in Fighting
  3350 | D:6      | Reached XP level 7. HP: 53/61 MP: 6/6
  3853 | D:5      | Noticed Edmund
  3871 | D:5      | Killed Edmund
  3958 | D:5      | Reached skill level 6 in Shields
  4241 | D:6      | Reached XP level 8. HP: 69/69 MP: 7/7
  4318 | D:6      | Noticed Maggie
  4327 | D:6      | Killed Maggie
  4328 | D:6      | Reached skill level 7 in Shields
  4414 | D:6      | Reached *** piety under Makhleb
  4794 | D:7      | Found a staircase to the Ecumenical Temple.
  5056 | D:7      | Noticed Pikel
  5068 | D:7      | Killed Pikel
  5069 | D:7      | Reached skill level 10 in Maces & Flails
  5069 | D:7      | Reached skill level 8 in Shields
  5069 | D:7      | Reached XP level 9. HP: 54/78 MP: 8/8
  5737 | D:7      | Reached skill level 9 in Shields
  5918 | D:7      | Noticed Dowan
  5941 | D:7      | Killed Dowan
  5959 | D:7      | Noticed Duvessa
  5973 | D:7      | Killed Duvessa
  5973 | D:7      | Reached **** piety under Makhleb
  6038 | D:7      | Found a shimmering blue altar of Sif Muna.
  6038 | D:7      | Found a sacrificial altar of Ru.
  6039 | D:7      | Found a burning altar of Makhleb.
  6236 | D:7      | Found an ancient bone altar of Kikubaaqudgha.
  6317 | D:8      | Found a stormy altar of Qazlal.
  6354 | D:8      | Found the +2 hood of the Assassin {Detection Stab+ Stlth++}
  6383 | D:8      | Noticed Prince Ribbit
  6390 | D:8      | Killed Prince Ribbit
  6396 | D:8      | Reached skill level 10 in Shields
  6565 | D:8      | Reached XP level 10. HP: 77/86 MP: 9/9
  6622 | D:8      | Found an opulent altar of Gozag.
  7111 | D:8      | Found a broken altar of Ashenzari.
  7117 | D:8      | Found a basalt altar of Yredelemnul.
  7965 | D:10     | Entered Level 10 of the Dungeon
  7994 | D:10     | Reached ***** piety under Makhleb
  7997 | D:10     | Found a staircase to the Orcish Mines.
  8178 | D:10     | Paralysed by a hornet for 2 turns
  8403 | D:10     | Noticed a two-headed ogre
  8428 | D:10     | Killed a two-headed ogre
  8429 | D:10     | Reached skill level 11 in Shields
  8843 | D:11     | Reached XP level 11. HP: 95/95 MP: 10/10
  9222 | D:11     | Found a portal to a secret trove of treasure.
  9246 | D:11     | Noticed a two-headed ogre
  9259 | D:11     | Killed a two-headed ogre
  9296 | D:11     | Noticed a six-headed hydra
  9309 | D:11     | Killed a six-headed hydra
  9335 | D:11     | Found a staircase to the Lair.
  9579 | D:12     | Reached skill level 12 in Shields
  9610 | D:12     | Noticed a white ugly thing
  9610 | D:12     | Noticed a green ugly thing
  9629 | D:12     | Killed a white ugly thing
  9640 | D:12     | Killed a green ugly thing
  9711 | D:12     | Noticed a sixfirhy
  9779 | D:12     | Noticed a centaur warrior
  9779 | D:12     | Noticed a wizard
 10005 | D:12     | Killed a centaur warrior
 10006 | D:12     | Reached skill level 10 in Fighting
 10043 | D:12     | Killed an unseen horror
 10044 | D:12     | Reached XP level 12. HP: 106/106 MP: 11/11
 10089 | D:12     | Reached skill level 13 in Shields
 10130 | D:12     | Reached ****** piety under Makhleb
 10600 | D:12     | Found a roughly hewn altar of Beogh.
 10887 | D:13     | Noticed a boulder beetle
 10887 | D:13     | Noticed an ogre mage
 10912 | D:13     | Killed an ogre mage
 10913 | D:13     | Reached skill level 15 in Maces & Flails
 10930 | D:13     | Killed a boulder beetle
 11037 | D:13     | Noticed a tengu warrior
 11046 | D:13     | Killed a tengu warrior
 11270 | D:13     | Reached skill level 10 in Armour
 11270 | D:13     | Reached skill level 14 in Shields
 11900 | D:14     | Noticed a boulder beetle
 11956 | D:14     | Reached XP level 13. HP: 117/117 MP: 12/12
 12356 | D:14     | Reached skill level 15 in Shields
 12366 | D:14     | Noticed Josephine
 12386 | D:14     | Killed Josephine
 12756 | D:14     | Noticed an ettin
 12778 | D:14     | Killed an ettin
 12795 | D:14     | Found a gate to the Vaults.
 12962 | D:15     | Entered Level 15 of the Dungeon
 13050 | D:15     | Found Hezadgham's Gadget Emporium.
 13081 | D:15     | Reached skill level 16 in Shields
 13164 | D:15     | Found a staircase to the Depths.
 13164 | D:15     | Noticed a fire giant
 13250 | D:15     | Found Qoebror's Antique Weapon Boutique.
 13421 | D:15     | Bought a glowing flail for 227 gold pieces
 13555 | D:15     | Killed a fire giant
 13556 | D:15     | Reached XP level 14. HP: 37/129 MP: 13/13
 13765 | D:15     | Found Fugaxof's Antique Armour Emporium.
 14337 | Orc:1    | Entered Level 1 of the Orcish Mines
 14480 | Orc:1    | Found a flagged portal.
 14490 | Bailey   | Entered a bailey
 14510 | Bailey   | Got the ring of Noon {+Fly}
 14524 | Bailey   | Identified the ring of Noon {+Fly rN+ Str+4} (You found it
                  | in a bailey)
 14559 | Bailey   | Identified the amulet of Atzi {Spirit rElec Str-4 Int+9
                  | Dex-3}
 14933 | Orc:2    | Entered Level 2 of the Orcish Mines
 14961 | Orc:2    | Upgraded the game from 0.26-b1-52-g61e05abef2 to
                  | 0.26-b1-59-ge38874ec40
 15015 | Orc:2    | Found a staircase to the Elven Halls.
 15366 | Orc:2    | Paralysed by an orc sorcerer for 5 turns
 15368 | Orc:2    | Gained mutation: You are weak. (Str -2) [a neqoxec]
 15369 | Orc:2    | Gained mutation: [You tend to lose your temper in combat.]
                  | [a neqoxec]
 15379 | Orc:2    | Gained mutation: Your magical capacity is low. (-10% MP) [a
                  | neqoxec]
 15469 | Orc:2    | Gained mutation: Armour fits poorly on your strangely
                  | shaped body. [a neqoxec]
 15535 | Orc:2    | Reached skill level 17 in Shields
 15597 | Orc:2    | Found Pauc's Armour Shoppe.
 15597 | Orc:2    | Found Oqesoxuf's Jewellery Shop.
 15599 | Orc:2    | Found Zakholim's Jewellery Shoppe.
 15599 | Orc:2    | Found Kaufof's Magic Scroll Shop.
 15608 | Orc:2    | Bought a scroll of identify for 28 gold pieces
 15608 | Orc:2    | Bought a scroll of remove curse for 42 gold pieces
 15608 | Orc:2    | Bought a scroll of remove curse for 42 gold pieces
 15750 | Orc:2    | Found a roughly hewn altar of Beogh.
 15926 | Elf:1    | Entered Level 1 of the Elven Halls
 16434 | Elf:1    | Identified Vicy's Collected Works on Necromancy
 16915 | Elf:1    | Reached skill level 18 in Shields
 17145 | Elf:1    | Reached XP level 15. HP: 139/139 MP: 12/12
 17297 | Elf:1    | Reached skill level 15 in Fighting
 17948 | Elf:2    | Found Vaikhluubb's Distillery.
 17961 | Elf:2    | Bought a potion of heal wounds for 100 gold pieces
 17961 | Elf:2    | Bought a potion of might for 80 gold pieces
 17961 | Elf:2    | Bought a potion of heal wounds for 100 gold pieces
 18051 | Elf:2    | Found Fiafae's Gadget Shoppe.
 18054 | Elf:2    | Found Emoit's Jewellery Shop.
 18056 | Elf:2    | Found Wackemmeot's Gadget Shoppe.
 18190 | Elf:2    | Found a huge runed translucent gate.
 18190 | Elf:2    | Found a huge runed translucent gate.
 18190 | Elf:2    | Found a huge runed translucent gate.
 18190 | Elf:2    | Found a huge runed translucent gate.
 18190 | Elf:2    | Found a huge runed translucent gate.
 18473 | Elf:2    | Noticed Azrael
 18506 | Elf:2    | Killed Azrael
 19341 | Elf:3    | Entered Level 3 of the Elven Halls
 19530 | Elf:3    | Reached skill level 19 in Shields
 19632 | Elf:3    | Noticed a deep elf blademaster
 19682 | Elf:2    | Killed a deep elf blademaster
 19700 | Elf:3    | Noticed a deep elf sorcerer
 19779 | Elf:3    | Killed a deep elf sorcerer
 19791 | Elf:3    | Reached XP level 16. HP: 47/151 MP: 13/13
 19982 | Elf:3    | Reached skill level 1 in Dodging
 19996 | Elf:3    | Cast into level 2 of the Abyss (a deep elf sorcerer)
 20216 | Abyss:2  | Lost intelligence.
 20219 | Abyss:2  | Gained mutation: You are very weak. (Str -4) [a neqoxec]
 20221 | Abyss:2  | Gained mutation: You are dopey. (Int -2) [a neqoxec]
 20225 | Abyss:2  | Gained mutation: Scrolls take you a little longer to read.
                  | [a neqoxec]
 20271 | Abyss:2  | Gained mutation: [You often lose your temper in combat.] [a
                  | neqoxec]
 20278 | Abyss:2  | Paralysed by accursed screaming for 1 turns
 20284 | Abyss:2  | Paralysed by accursed screaming for 1 turns
 20308 | Abyss:2  | Reached skill level 1 in Invocations
 20431 | Abyss:2  | Paralysed by accursed screaming for 1 turns
 20438 | Abyss:2  | Paralysed by accursed screaming for 1 turns
 20440 | Abyss:2  | Paralysed by accursed screaming for 1 turns
 20686 | Abyss:2  | Reached skill level 20 in Shields
 20698 | Abyss:2  | Noticed a tentacled starspawn
 20715 | Abyss:2  | Killed a tentacled starspawn
 20800 | Abyss:2  | Reached skill level 15 in Armour
 20898 | Abyss:2  | Noticed an Ice Fiend
 21258 | Abyss:2  | Paralysed by accursed screaming for 1 turns
 21261 | Abyss:2  | Paralysed by accursed screaming for 1 turns
 21270 | Abyss:2  | Paralysed by accursed screaming for 1 turns
 21271 | Abyss:2  | Killed from afar by a starcursed mass

Illustrated notes

Levels and vault maps discovered:
D:1:      onia_arrival_zoo_common, layout_rooms
D:2:      layout_basic, overflow_temple_1_default, marbit_many_paths,
          zin_statuary, chequers_ecumenical_altar_grove
D:3:      layout_basic
D:4:      layout_basic, nemelex_xobeh_ov_fountains_minmay
D:5:      layout_basic, general_overflow_altar, lemuel_doored_altar,
          corner_web_ring, okawaru_metal_pillars_1_2, uniq_edmund
D:6:      layout_cave_pools, serial_gnoll_camp, gnoll_camp_mini_hut,
          gnoll_camp_mini_shop, gnoll_camp_mini_basic, gnoll_camp_medium_02,
          uniq_blork_the_orc, uniq_maggie
D:7:      layout_gridville, overflow_temple_1_default, minitemple,
          temple_pool_b, nicolae_sextant, uniq_duvessa, uniq_pikel
D:8:      layout_loops_ring, kennysheep_mini_moat,
          amethyst_overflow_temple_binary,
          nicolae_gozag_cash_rules_everything_around_me, uniq_prince_ribbit1
D:9:      layout_loops_ring, minmay_fractal_squares_gapless_5
D:10:     layout_cave_pods, david_orc_2
D:11:     layout_roguey, grunt_lair_entry_orc_guard_hut,
          nicolae_trove_entry_crystal
D:12:     layout_roguey, special_room [special_room_orc], minmay_joined_circles
D:13:     layout_basic, serial_undead, serial_undead_b, serial_undead_e,
          serial_undead_d, serial_undead_d, minivault_25_ag
D:14:     layout_rooms, david_vaults_4, infiniplex_staircase_pillars_3b,
          serial_glass, glass_columns_b, glass_columns_a, glass_columns_c,
          glass_columns_c, glass_columns_c, glass_columns_c, glass_columns_a,
          glass_columns_a, glass_columns_a, glass_columns_c, glass_columns_c,
          glass_columns_c, glass_columns_c, glass_columns_a, uniq_josephine
D:15:     grunt_enter_depths_giant_problem, layout_irregular_city,
          abandoned_shop, serial_shops, nicolae_shop_window_shopping,
          nicolae_shop_trees, shop_fountains
Orc:1:    layout_diamond_mine, enter_bailey_3, basic_altar, uniq_erica
Orc:2:    grunt_orc_tribal_feast, layout_caves, basic_altar
Elf:1:    elf_arrival_002, layout_gridlike, minmay_elf_necromancy,
          roderic_lattice_octagonal_star
Elf:2:    layout_geoelf_octagon, serial_shops,
          nicolae_shop_competitors_out_of_business, minmay_shop_grove,
          uniq_azrael
Elf:3:    minmay_elf_hall_quartered_circle, layout_geoelf_octagon, serial_shops,
          nicolae_shop_competitors_out_of_business, st_stairs_8,
          minmay_shop_star
Abyss:2:  base: D:11, hangedman_decor_riveting

Skill      XL: |  1  2  3  4  5  6  7  8  9 10 11 12 13 14 15 16 |
---------------+-------------------------------------------------+-----
Fighting       | 4 5 6 7 8 10 11 13 14 16 | 16.8
Shields        | 4 5 6 8 10 11 12 14 16 18 19 20 | 20.6
Armour         | 4 5 6 7 8 9 10 11 12 14 15 | 15.3
Maces & Flails | 3 5 6 7 10 11 13 14 15 16 | 16.5
Dodging        | 1 |  1.5
Invocations    | 1 |  1.0
Stealth        | |  0.4
Evocations     | |  0.3

Action                   |  1- 3 |  4- 6 |  7- 9 | 10-12 | 13-15 | 16-18 || total
-------------------------+-------+-------+-------+-------+-------+-------++-------
Melee: Flail             |   124 |   102 |   322 |  1035 |  1509 |   562 ||  3654
       Headbutt          |     7 |    21 |    61 |   237 |   337 |   169 ||   832
       Kick              |       |    17 |   106 |   141 |       |       ||   264
       Mace              |       |    20 |    29 |       |       |       ||    49
Invok: Lesser Servant of |       |       |       |       |     1 |       ||     1
       Major Destruction |       |       |       |       |     1 |       ||     1
 Abil: Evoke Flight      |       |       |       |       |     2 |       ||     2
  Use: Scroll            |     8 |     1 |     4 |    10 |     4 |       ||    27
       Potion            |     1 |     3 |     2 |     4 |    10 |     2 ||    22
 Stab: Paralysed         |       |       |       |       |       |     2 ||     2
Armor: Scale mail        |    42 |       |       |       |       |       ||    42
       Chain mail        |    29 |    23 |       |       |       |       ||    52
       Crystal plate arm |       |    59 |   238 |   469 |   672 |   381 ||  1819
       Skin              |       |       |       |       |     4 |    10 ||    14
Dodge: Dodged            |    38 |    15 |    27 |    89 |   151 |   138 ||   458
Block: Kite shield       |    81 |    72 |   204 |   512 |   837 |   497 ||  2203
